 Dungeon Crawl Stone Soup version 0.30-a0-748-ge6a52f7cba (webtiles) character file.

Game seed: 5558722005438225887

403 karrick the Chopper (level 6, -10/39 HPs)
             Began as a Gargoyle Fighter on Feb 9, 2023.
             Mangled by an ogre
             ... wielding a +0 giant spiked club
              (16 damage)
             ... on level 4 of the Dungeon.
             The game lasted 00:03:34 (2663 turns).

karrick the Chopper (Gargoyle Fighter)              Turns: 2663, Time: 00:03:34

Health: -10/39     AC: 12    Str: 19 (20) XL:     6   Next: 86%
Magic:  6/6        EV:  9    Int:  7 (8)  God:
Gold:   183        SH:  4    Dex:  9 (11) Spells: 5/5 levels left

rFire   . . .      SeeInvis +    a - +0 war axe
rCold   . . .      Faith    +    c - +0 buckler
rNeg    + . .      Spirit   .    b - +0 scale mail
rPois   ∞          Reflect  .    m - +0 helmet
rElec   +          Harm     .    (no cloak)
rCorr   .          Rampage  .    (no gloves)
Will    .....                    (no boots) Stlth
                                 g - amulet of faith
HPRegen 0.26/turn                r - ring of see invisible
MPRegen 0.10/turn                (no ring)

@: no status effects
A: sickness immunity, AC +4, negative energy resistance 1, electricity
resistance, torment resistance 1, petrification resistance
a: no special abilities


You were on level 4 of the Dungeon.
You visited 1 branch of the dungeon, and saw 4 of its levels.

You collected 183 gold pieces.

Inventory:

Hand Weapons
 a - a +0 war axe (weapon)
Armour
 b - a +0 scale mail (worn)
 c - a +0 buckler (worn)
 m - a +0 helmet (worn)
Jewellery
 g - an amulet of faith (around neck)
 r - a ring of see invisible (left hand)
Scrolls
 e - a scroll of butterflies {unknown}
 f - 3 scrolls of teleportation {unknown}
 h - a scroll of blinking {unknown}
 j - a scroll of silence {unknown}
 k - a scroll of enchant weapon {unknown}
 l - 4 scrolls of magic mapping {unknown}
 p - a scroll of identify {unknown}
 q - a scroll of fear {unknown}
 u - a scroll of vulnerability {unknown}
Potions
 d - a potion of might
 i - a potion of flight
 n - a potion of lignification
 o - a potion of haste
 s - a potion of degeneration
 t - a potion of curing


   Skills:
 + Level 4.6 Fighting
 + Level 4.6 Axes
 + Level 4.4 Armour
 + Level 4.4 Shields


You had 5 spell levels left.
You didn't know any spells.
Your spell library contained the following spells:

 Spells                   Type           Power      Damage    Failure   Level
 Ensorcelled Hibernation  Hex/Ice        0%         N/A       95%         2
 Portal Projectile        Hex/Tloc       0%         N/A       99%         3
 Spider Form              Tmut/Pois      0%         N/A       99%         3
 Tukima's Dance           Hex            0%         N/A       99%         3
 Anguish                  Hex/Necr       0%         N/A       100%        4
 Blade Hands              Tmut           0%         N/A       100%        5


Dungeon Overview and Level Annotations

Branches:
Dungeon (4/15)
 Temple: D:4-7

Altars:
Zin


Innate Abilities, Weirdness & Mutations

You are immune to sickness and miasma.
Your stone body is resilient. (AC +4)
You are immune to poison.
You resist negative energy. (rN+)
You are resistant to electric shocks. (rElec)
You are resistant to unholy torment.
You are immune to petrification.


Message History

Your +0 helmet unmelds from your body.
Your +0 scale mail unmelds from your body.
You start resting.
HP restored.
Found a stone staircase leading up.
Items here: )))) [[ †††.
t - a potion of curing
Items here: )))) [[ ÷ ††.
Found a dagger.
You see here a +0 dagger.
Found a stone staircase leading down.
An ogre and an iguana come into view.
The ogre shouts!
The iguana hisses angrily.
There are monsters nearby!
Found a potion of flight.
The ogre attacks as you move away!
The ogre hits you with a +0 giant spiked club!
You slash the ogre!
The ogre is moderately wounded.
You block the ogre's attack.
You barely miss the ogre.
The ogre is moderately wounded.
The ogre hits you with a +0 giant spiked club!!
Ouch! That really hurt!
* * * LOW HITPOINT WARNING * * *
You are too injured to fight recklessly!
You are too injured to fight recklessly!
You are too injured to fight recklessly!
You are too injured to fight recklessly!
You are too injured to fight recklessly!
You barely miss the ogre.
The ogre is moderately wounded.
You block the ogre's attack.
You barely miss the ogre.
The ogre is moderately wounded.
The ogre barely misses you.
You hit the ogre.
The ogre is moderately wounded.
The ogre hits you with a +0 giant spiked club!
You die...

......>..###.......(......
..........................
....l....# #..............
..##..!#.# #######...#####
#...#.## #...# #####..#
#...# ##l# #...# #O# #...#
#@########...#
#.#.........######
##.####.#.#......).....#
........#.#.####.......#
.#.#####............#..#
#.......####.##.#..#
#.##....####........
#.##..........###.##
#.##.....###.>....##


You could see an ogre and an iguana.

Vanquished Creatures
  A phantom (D:3)
  A scorpion (D:4)
  A hound (D:2)
  An orc priest (D:4)
  Jessica (D:3)
  4 gnolls (D:3)
  3 adders
  An ufetubus (D:4)
  2 worms
  A dart slug (D:1)
  9 orcs
  7 ball pythons
  11 endoplasms
  A giant cockroach (D:1)
  9 hobgoblins
  7 jackals
  5 quokkas
  8 bats
  5 frilled lizards
  8 goblins
  9 kobolds
  A rat (D:1)
96 creatures vanquished.

Notes
Turn   | Place    | Note
-------+----------+-------------------------------------------
     0 | D:1      | karrick the Gargoyle Fighter began the quest for the Orb.
     0 | D:1      | Reached XP level 1. HP: 14/14 MP: 1/1
    61 | D:1      | Reached XP level 2. HP: 11/19 MP: 2/2
   222 | D:1      | Found a faded altar of an unknown god.
   337 | D:1      | Reached XP level 3. HP: 18/23 MP: 3/3
   837 | D:2      | Reached XP level 4. HP: 11/29 MP: 4/4
  1569 | D:3      | Noticed a phantom
  1578 | D:3      | Killed a phantom
  1579 | D:3      | Reached XP level 5. HP: 26/34 MP: 5/5
  1810 | D:3      | Found a glowing silver altar of Zin.
  1891 | D:3      | Noticed Jessica
  1896 | D:3      | Killed Jessica
  1897 | D:3      | Reached XP level 6. HP: 39/39 MP: 6/6
  2663 | D:4      | Mangled by an ogre

Illustrated notes

Levels and vault maps discovered:
D:1:      ebering_hopf_link, layout_loops_cross,
          chequers_ecumenical_altar_simple, minmay_pentomino_s4
D:2:      layout_basic
D:3:      layout_rooms, mainiacjoe_overflow_cross_hatched, serial_bayou_pond_d,
          minmay_misc_feat_columns, kennysheep_flooded_box,
          kennysheep_jessica_study
D:4:      layout_loops_cross, amcnicky_mini_corridor_feature

Skill      XL: |  1  2  3  4  5  6 |
---------------+-------------------+-----
Axes           | 2 3 4 |  4.6
Fighting       | 4 |  4.6
Armour         | 4 |  4.4
Shields        | 4 |  4.4

Action                     |  1- 3 |  4- 6 || total
---------------------------+-------+-------++-------
  Melee: War axe           |   102 |   200 ||   302
    Use: Potion            |       |     6 ||     6
 Armour: Scale mail        |    73 |   143 ||   216
         Skin              |       |    11 ||    11
  Dodge: Dodged            |    62 |   118 ||   180
  Block: Buckler           |    33 |    65 ||    98

Table legend: (Time is in decaauts)
 A = Elapsed time spent in this place.
 B = Non-inter-level travel time spent in this place.
 C = Inter-level travel time spent in this place.
 D = Time resting spent in this place.
 E = Time spent auto-exploring this place.
 F = Levels seen in this place.
 G = Mean time per level.
                   A        B        C        D        E       F      G
               +--------+--------+--------+--------+--------+-----+--------+
         Total |   2766 |   2728 |     38 |    193 |   1847 |   4 |  691.5 |
       Dungeon |   2766 |   2728 |     38 |    193 |   1847 |   4 |  691.5 |
               +--------+--------+--------+--------+--------+-----+--------+

Top non-repeatable levels by time:
     D:1: 938 daAuts
     D:3: 759 daAuts
     D:4: 554 daAuts
     D:2: 515 daAuts
